Map: [ESL] Alcyone

Players

Harstem

  • Race: Protoss Protoss
  • League: Master
  • Spawn Location: 1:00

Bunny - Winner!

  • Race: Terran Terran
  • Spawn Location: 7:00

Event: IEM Katowice 2024

VOD

Have the link to the VOD?

Description

Time

  • Played on: Dec. 9, 2023, 9:13 p.m.
  • Length: 7:30

All games in this series

Show
View Real Time Build Order
Export as new Build Order

Harstem Protoss 

Build Orders: 1 Gate Expand, Oracle Opening, Phoenix Opening, Colossus Rush 

Get SALT Encoding   

  12  0:00  Probe  
  13  0:12  Probe  
  14  0:18  Pylon  
  14  0:24  Probe  
  15  0:36  Gateway  
  15  0:37  Probe (Chrono Boost)  
  16  0:47  Assimilator, Probe (Chrono Boost)  
  17  0:52  Probe (Chrono Boost)  
  18  1:03  Probe  
  19  1:15  Probe  
  20  1:25  Cybernetics Core  
  20  1:33  Nexus  
  20  1:38  Pylon  
  20  1:41  Probe  
  21  1:47  Assimilator  
  21  1:53  Probe  
  22  1:59  Adept (Chrono Boost)  
  22  2:05  Probe  
  25  2:17  Probe  
  25  2:19  Adept (Chrono Boost)  
  28  2:30  Probe  
  28  2:34  Stargate  
  29  2:42  Stalker  
  29  2:43  Shield Battery  
  31  2:45  Probe  
  31  2:46  Probe  
  31  2:48  Warp Gate  
  33  2:57  Probe  
  33  2:58  Probe  
  35  3:09  Probe  
  35  3:11  Probe  
  37  3:15  Oracle (Chrono Boost)  
  40  3:21  Probe  
  40  3:23  Probe  
  42  3:32  Pylon  
  42  3:33  Probe  
  43  3:35  Probe  
  44  3:45  Phoenix  
  46  3:50  Probe x2  
  48  3:56  Robotics Facility  
  48  3:57  Assimilator  
  48  3:59  Assimilator  
  48  4:02  Pylon  
  48  4:10  Phoenix  
  48  4:14  Probe x2  
  48  4:16  Pylon  
  49  4:26  Probe x2 (Chrono Boost)  
  50  4:35  Phoenix  
  50  4:38  Probe x2 (Chrono Boost)  
  54  4:43  Probe x2 (Chrono Boost)  
  56  4:49  Robotics Bay  
  56  4:50  Nexus  
  56  4:52  Probe  
  57  4:53  Probe  
  57  4:55  Observer  
  59  5:04  Probe  
  59  5:05  Probe, Phoenix  
  63  5:09  Pylon  
  63  5:10  Pylon  
  63  5:15  Immortal (Chrono Boost)  
  63  5:16  Probe  
  69  5:24  Forge  
  69  5:25  Probe  
  69  5:28  Probe  
  69  5:31  Phoenix  
  72  5:38  Shield Battery, Probe  
  74  5:42  Probe  
  74  5:45  Colossus (Chrono Boost)  
  80  5:50  Probe  
  80  5:55  Probe  
  82  5:57  Photon Cannon  
  82  6:00  Pylon  
  82  6:01  Probe  
  83  6:04  Shield Battery  
  83  6:10  Sentry  
  85  6:12  Probe  
  85  6:13  Gateway, Probe x2  
  88  6:19  Colossus (Chrono Boost)  
  88  6:25  Probe  
  95  6:29  Probe  
  95  6:35  Zealot  
  97  6:42  Probe  
  97  6:43  Probe  
  97  6:45  Probe  
  100  6:51  Pylon  
  101  6:54  Probe  
  101  6:55  Twilight Council, Probe  
  101  6:57  Gateway, Stalker  
  101  6:59  Gateway  
  102  7:02  Pylon, Probe  
  102  7:04  Pylon  
  96  7:26  Stalker  
Show
View Real Time Build Order
Export as new Build Order

Bunny Terran - Winner!

Build Orders: Reaper Expand 

Get SALT Encoding   

  12  0:00  SCV  
  13  0:12  SCV  
  14  0:17  Supply Depot  
  14  0:24  SCV  
  15  0:39  SCV  
  15  0:40  Barracks  
  15  0:42  Refinery  
  16  0:51  SCV  
  17  1:03  SCV  
  18  1:15  SCV  
  19  1:27  Orbital Command, Reaper  
  20  1:44  Command Center  
  20  1:50  Supply Depot  
  20  1:56  Bunker  
  20  1:59  SCV  
  21  2:02  Barracks Reactor  
  21  2:11  SCV  
  22  2:19  Factory  
  22  2:20  Refinery  
  22  2:23  SCV  
  23  2:36  SCV  
  24  2:38  Marine x2  
  26  2:48  SCV  
  27  2:56  Marine x2  
  27  2:57  Orbital Command  
  29  3:00  SCV  
  29  3:03  Hellion  
  32  3:07  Starport  
  32  3:12  SCV  
  33  3:14  Marine x2  
  35  3:23  SCV  
  35  3:24  SCV  
  39  3:35  SCV  
  39  3:36  SCV, Widow Mine  
  39  3:40  Marine x2  
  42  3:44  Medivac  
  42  3:47  Barracks, SCV  
  45  3:48  SCV  
  45  3:51  Supply Depot  
  46  4:01  Barracks  
  46  4:11  Factory Tech Lab  
  46  4:13  SCV x2, Marine x2  
  46  4:14  Supply Depot, Engineering Bay  
  46  4:16  Starport Tech Lab  
  50  4:25  SCV x2  
  50  4:30  Marine x2  
  54  4:37  SCV x2  
  56  4:40  Factory Reactor, Refinery  
  56  4:41  Terran Infantry Weapons Level 1  
  56  4:42  Supply Depot  
  56  4:43  Stimpack  
  56  4:44  Starport Reactor  
  54  4:46  Marine  
  54  4:48  Marine  
  54  4:50  Supply Depot  
  56  4:54  SCV x2  
  56  4:58  Supply Depot  
  58  5:01  Marine  
  58  5:02  Combat Shield, Marine  
  58  5:04  Marine  
  58  5:06  Marine  
  61  5:07  SCV x2  
  61  5:10  Supply Depot  
  61  5:12  Refinery  
  63  5:19  Marine, Widow Mine  
  63  5:20  Marauder  
  68  5:22  Widow Mine  
  68  5:23  SCV  
  68  5:24  Marine, SCV  
  68  5:27  Medivac  
  75  5:31  Medivac  
  75  5:33  Marauder  
  79  5:37  Marine  
  79  5:41  Marauder  
  79  5:42  Widow Mine, Marine  
  85  5:44  Widow Mine  
  85  5:46  SCV x2  
  89  5:55  Marauder  
  89  5:56  Supply Depot  
  91  5:58  Marine  
  91  6:00  Medivac  
  94  6:07  Supply Depot  
  94  6:17  Marine  
  94  6:18  Supply Depot, Marauder, Widow Mine x2  
  101  6:20  SCV  
  101  6:24  Concussive Shells  
  102  6:28  SCV, Medivac  
  102  6:30  Supply Depot  
  105  6:35  Command Center  
  105  6:39  Marauder  
  109  6:40  Marauder  
  109  6:42  Medivac  
  111  6:47  Marine x2  
  113  6:57  Barracks  
  113  7:06  Marine, Marauder x2  
  113  7:07  Marine  
  119  7:10  Barracks  

Tags
 
Add a new tag
Caveats
  • Supply blocks, unpowered buildings, or Contaminate may cause inaccurate times.
  • Supply counts are checked every 10 seconds.